AoeStats
← The Polished Pole

Arena

508970355Analyzed
1v1 RM · 9d ago on Sep 24, 2026· 43m 42s· 2 players
Game mode
Random Map
Map size
Tiny (2 player)
Population
200
Speed
Normal
Resources
Standard
Victory
Conquest
Starting age
Dark Age
Ending age
Imperial Age
RankedLock teamsTeams togetherTeam positionsShared explorationLock speedFull tech treeHidden civsTurbo modeCheats
Victory
Defeat
🇺🇸 Poles · United States
351
+15
🇫🇷 Britons · France
319
-15
luis.dessaint03
11:37 Feudal Age
12:00 Horse Collar
12:08 Double-Bit Axe
15:29 Fletching
15:40 Padded Archer Armor
17:48 Stone Mining
17:52 Gold Mining
20:04 Forging
22:32 Castle Age
21:39 Scale Barding Armor
23:04 Crossbowman
29:20 Ballistics
28:42 Treadmill Crane
29:22 Leather Archer Armor
42:58 Imperial Age
41:14 Gold Shaft Mining
43:40 Yeomen
The Polished Pole
0:39 Loom
3:32 Loom
11:29 Feudal Age
12:06 Double-Bit Axe
12:06 Horse Collar
14:13 Wheelbarrow
17:46 Bloodlines
18:41 Town Watch
19:15 Forging
19:12 Scale Barding Armor
23:54 Castle Age
25:20 Heavy Plow
25:33 Bow Saw
26:50 Iron Casting
26:37 Chain Barding Armor
29:13 Szlachta Privileges
29:49 Ballistics
29:24 Murder Holes
29:11 Treadmill Crane
29:42 Masonry
30:02 Fervor
32:11 Hand Cart
32:14 Husbandry
31:35 Light Cavalry
31:41 Crossbowman
32:29 Thumb Ring
35:35 Town Patrol
36:04 Fletching
36:14 Padded Archer Armor
42:03 Imperial Age
39:53 Elite Skirmisher
42:27 Bodkin Arrow
42:47 Leather Archer Armor
42:15 Elite Obuch
43:33 Hoardings
Connection lost

Rejoining the realm…

Still unreachable

The connection could not be restored.

Session expired

The server has moved on; the page needs a fresh start.